 Dungeon Crawl Stone Soup version 0.19.6-3-g7d5932f76a (webtiles) character file.

24 spinningbullet the Magician (level 2, -1/15 HPs)
             Began as a Deep Elf Wizard on Jan 17, 2024.
             Slain by an adder (2 damage)
             ... on level 2 of the Dungeon.
             The game lasted 00:12:36 (1261 turns).

spinningbullet the Magician (Deep Elf Wizard)       Turns: 1261, Time: 00:12:37

Health: -1/15      AC:  3    Str:  4    XL:     2   Next: 79%
Magic:  10/10      EV: 13    Int: 22    God:
Gold:   27         SH:  0    Dex: 13    Spells: 1 memorised, 10 levels left

rFire  . . .     SeeInvis .     f - +0 dagger
rCold  . . .     Gourm    .     a - +0 robe
rNeg   . . .     Faith    .     (no shield)
rPois  .         Spirit   .     b - +0 hat
rElec  .         Reflect  .     m - +0 cloak
rCorr  .         Harm     .     (no gloves)
MR     .....                    (no boots)
Stlth  ++........               (no amulet)
                                (no ring)
                                (no ring)

@: no status effects
A: no striking features
a: no special abilities


You were on level 2 of the Dungeon.
You were not hungry.

You visited 1 branch of the dungeon, and saw 3 of its levels.

You collected 27 gold pieces.

Inventory:

Hand Weapons
 f - a +0 dagger (weapon)
 k - a +0 club
 l - a cursed -3 whip
 n - a +0 club
 o - a +0 hunting sling
 s - a +0 spear
Missiles
 g - 7 needles of confusion
 h - 5 stones (quivered)
Armour
 a - a +0 robe (worn)
 b - a +0 hat (worn)
 m - a +0 cloak (worn)
Scrolls
 j - a scroll of fog {unknown}
 p - a scroll of identify {unknown}
Potions
 e - a potion of cancellation {unknown}
 i - 2 potions of mutation {unknown}
 q - a potion of lignification {unknown}
Books
 c - a book of Minor Magic

   Spells                             Type                      Level
   a - Magic Dart                     Conjuration                  1
   b - Blink                          Translocation                2
   c - Call Imp                       Summoning                    2
   d - Repel Missiles                 Charms/Air                   2
   e - Slow                           Hexes                        2
   f - Conjure Flame                  Conjuration/Fire             3
   g - Mephitic Cloud                 Conjuration/Poison/Air       3
Comestibles
 d - 2 bread rations
 r - 3 fruits


   Skills:
 + Level 0.2 Short Blades
 + Level 2.8 Dodging
 + Level 3.0 Stealth
 + Level 5.1 Spellcasting
 + Level 1.1 Conjurations
   Level 1.1 Summonings
   Level 1.1 Translocations


You had 10 spell levels left.
You knew the following spells:

 Your Spells              Type           Power        Failure   Level  Hunger
a - Magic Dart            Conj           ##..         10%         1    None


Dungeon Overview and Level Annotations

Branches:
Dungeon (3/15)

Altars:
Uskayaw
Vehumet


Message History

A jackal comes into view.
The adder hisses angrily.
You see here a leopard gecko corpse.
You see here a kobold corpse.
You see here a quokka corpse.
The goblin shouts!
The adder barely misses you. The adder bites you.
* * * LOW HITPOINT WARNING * * *
Found a stone staircase leading up.
There is a stone staircase leading down here.
The adder completely misses you.
You climb downwards.
A bat comes into view.
There is a stone staircase leading up here.
The adder bites you but does no damage.
You climb upwards.
There is a stone staircase leading down here.
The adder bites you.
You die...

#........# #..#...#..
#..#####.# .. ##.###.##
#..# #.##.
...#...#...#.. #..#
#.#.. ........._....
#..# #.#.#
.##....#...#..
#..#####.#.#
#.#.###.###. #
#........#.# ..... ...#
. # #####......#####..
..... ## ##.g..@.......
#.###.. .####
#.##..S...... #. .#
....########.##.##......
.. # #.....†††.##.##..
...##<
#...#####.##.##### .##
##.## #......# .. ##
.#.# #.....g.......## #.
.... #...#.#.####.. #.
..... #.....#.# ###.


You could see an adder and a goblin.

Vanquished Creatures
  2 dart slugs (D:1)
  2 leopard geckos
  2 goblins (D:1)
  2 hobgoblins
  2 quokkas
  3 bats
  3 kobolds
  2 rats (D:1)
18 creatures vanquished.

Notes
Turn   | Place    | Note
-------+----------+-------------------------------------------
     0 | D:1      | spinningbullet the Deep Elf Wizard began the quest for the Orb.
     0 | D:1      | Reached XP level 1. HP: 10/10 MP: 7/7
   596 | D:1      | Reached XP level 2. HP: 15/15 MP: 5/9
   631 | D:1      | Reached skill level 5 in Spellcasting
  1077 | D:2      | Found a radiant altar of Vehumet.
  1218 | D:2      | Found a hide-covered altar of Uskayaw.
  1261 | D:2      | Slain by an adder

Skill      XL: |  1  2 |
---------------+-------+-----
Spellcasting   | 5 |  5.1
Stealth        | 3 |  3.0
Short Blades   | |  0.2
Dodging        | |  2.8
Conjurations   | |  1.1
Summonings     | |  1.1
Translocations | |  1.1

Action                   || total
-------------------------++-------
Melee: Dagger            ||    27
 Cast: Magic Dart        ||    43
  Eat: Pizza             ||     1
Armor: Robe              ||     2
Dodge: Dodged            ||    25
